[Event "ICC tourney 2556 (25 5)"]
[Site "Internet Chess Club"]
[Date "2021.05.08"]
[Round "3"]
[White "NATHA, NIRAV:K05-15969775"]
[Black "KALE, VIHAAN:K05-16144616"]
[Result "1-0"]
[ICCResult "Black checkmated"]
[WhiteElo "1463"]
[BlackElo "1175"]
[Opening "Caro-Kann: exchange, Rubinstein variation"]
[ECO "B13"]
[NIC "CK.02"]
[Time "15:32:44"]
[PlyCount "75"]
[TimeControl "1500+5"]

1. e4 c6 2. d4 d5 3. exd5 cxd5 4. Bd3 Nf6 5. c3 Nc6 6. Bf4 Bg4 7. Qb3 Qd7
8. Nd2 e6 9. Ngf3 Bd6 10. Be3 O-O 11. O-O Rac8 12. h3 Bh5 13. Bg5 Be7 14.
Bb5 a6 15. Ne5 Qc7 16. Nxc6 bxc6 17. Bxa6 c5 18. Bxc8 Qxc8 19. dxc5 Qxc5
20. Rac1 Qa5 21. a3 Bc5 22. Bxf6 gxf6 23. Qc2 Qa7 24. Rce1 Kh8 25. Nf3 Rg8
26. Nd4 e5 27. Nb3 Bf3 28. g4 Qd7 29. Kh2 Rxg4 30. Rg1 Bd6 31. Rxg4 e4+ 32.
Rg3 h5 33. Qd2 Bxg3+ 34. fxg3 Qa7 35. Nd4 h4 36. Nxf3 exf3 37. Qh6+ Kg8 38.
Re8# { Black checkmated } 1-0

[Event "ICC tourney 2556 (25 5)"]
[Site "Internet Chess Club"]
[Date "2021.05.08"]
[Round "3"]
[White "LI, AIDAN:K05-16624042"]
[Black "LANG, CONNOR:K05-15878215"]
[Result "1/2-1/2"]
[ICCResult "Game drawn by mutual agreement"]
[WhiteElo "824"]
[BlackElo "1275"]
[Opening "Scandinavian (center counter) defense"]
[ECO "B01"]
[NIC "SD.01"]
[Time "15:32:23"]
[PlyCount "161"]
[TimeControl "1500+5"]

1. e4 d5 2. exd5 Qxd5 3. Nc3 Qa5 4. Nf3 Nf6 5. Bc4 c6 6. d3 Bg4 7. Bd2 Qc7
8. O-O e6 9. Na4 b5 10. Bb3 bxa4 11. Bxa4 Bd6 12. Qe2 Nbd7 13. Qe3 h6 14.
Bc3 O-O 15. h3 Bh5 16. Rfe1 Bxf3 17. Qxf3 Rfe8 18. Bxc6 Rab8 19. Bxd7 Qxd7
20. Bxf6 gxf6 21. Qxf6 Qe7 22. Qxh6 Rxb2 23. Re4 Rb4 24. Rae1 Rxe4 25. Rxe4
f5 26. Rh4 Be5 27. g4 Qg7 28. Qxg7+ Kxg7 29. gxf5 exf5 30. Ra4 Re7 31. c4
Bd4 32. Ra5 Bb6 33. Rxf5 Re1+ 34. Kg2 Rd1 35. c5 Bc7 36. c6 Rxd3 37. Rb5
Bb6 38. a4 Ra3 39. Rb4 Kg6 40. Kf1 Rxh3 41. Rg4+ Kf5 42. Rg3 Rh2 43. Rg2
Rh4 44. Rg7 Rc4 45. a5 Bxa5 46. Rxa7 Bb6 47. Rf7+ Ke6 48. Rh7 Kf5 49. Rh6
Rc1+ 50. Ke2 Rc2+ 51. Ke1 Rxf2 52. c7 Rc2 53. Rxb6 Rxc7 54. Kd2 Ke4 55.
Rb4+ Kf5 56. Ke3 Re7+ 57. Kd3 Rh7 58. Kc3 Ke5 59. Kb3 Rh1 60. Rb5+ Ke6 61.
Rb6+ Kd7 62. Rb7+ Kc8 63. Rb4 Kc7 64. Rc4+ Kd6 65. Rd4+ Ke5 66. Rb4 Rb1+
67. Ka4 Ra1+ 68. Kb3 Rb1+ 69. Ka4 Rc1 70. Rb5+ Kd6 71. Rh5 Ra1+ 72. Kb4
Rb1+ 73. Kc3 Ra1 74. Kb2 Ra8 75. Rh6+ Ke5 76. Rh5+ Kf4 77. Rh7 Rb8+ 78. Kc2
Rc8+ 79. Kd2 Rd8+ 80. Kc2 Rc8+ 81. Kd2 { Game drawn by mutual agreement }
1/2-1/2

[Event "ICC tourney 2556 (25 5)"]
[Site "Internet Chess Club"]
[Date "2021.05.08"]
[Round "3"]
[White "ENRIQUEZ, EULALIO:K05-16621387"]
[Black "RAGHAV JEGAN, ASHWIN:K05-16548454"]
[Result "0-1"]
[ICCResult "White checkmated"]
[WhiteElo "1071"]
[BlackElo "668"]
[Opening "Scotch: Lolli variation"]
[ECO "C44"]
[NIC "KP.10"]
[Time "15:31:49"]
[PlyCount "108"]
[TimeControl "1500+5"]

1. e4 e5 2. Nf3 Nc6 3. d4 Nxd4 4. Nxd4 exd4 5. Qxd4 Nf6 6. Bg5 Be7 7. e5
Nh5 8. Bxe7 Qxe7 9. Be2 c5 10. Qe3 g6 11. Nc3 O-O 12. Qh6 Qxe5 13. O-O-O
Nf4 14. Bf3 a5 15. Qh4 a4 16. Nd5 Nxd5 17. Rxd5 Qg7 18. Rxc5 a3 19. c3
axb2+ 20. Kxb2 Ra6 21. Bh5 Rb6+ 22. Kc2 d6 23. Rc7 Bf5+ 24. Kd2 Rb2+ 25.
Ke3 Qe5+ 26. Kf3 Qd5+ 27. Kf4 Qe4+ 28. Kg3 Qxh4+ 29. Kxh4 gxh5 30. Kg5 Bg6
31. a4 Rxf2 32. Rxb7 Kg7 33. a5 Rxg2+ 34. Kf4 Rg4+ 35. Kf3 Be4+ 36. Kf2
Bxb7 37. h3 Rf4+ 38. Ke3 Re4+ 39. Kd3 Re3+ 40. Kxe3 Bxh1 41. c4 f5 42. a6
f4+ 43. Kd4 Ba8 44. Kd3 f3 45. c5 dxc5 46. a7 f2 47. Kc2 f1=Q 48. Kd2 Rf3
49. h4 Qd3+ 50. Ke1 Qe4+ 51. Kd2 Rd3+ 52. Kc2 Qc4+ 53. Kb2 Rb3+ 54. Ka1
Qa4# { White checkmated } 0-1

[Event "ICC tourney 2556 (25 5)"]
[Site "Internet Chess Club"]
[Date "2021.05.08"]
[Round "3"]
[White "WESTOVER, CHARLOTTE:K05-16380250"]
[Black "FUNG, JAYDEN:K05-16706456"]
[Result "0-1"]
[ICCResult "White checkmated"]
[WhiteElo "1143"]
[BlackElo "761"]
[Opening "Sicilian: Najdorf, Opocensky variation"]
[ECO "B92"]
[NIC "SI.10"]
[Time "15:31:44"]
[PlyCount "126"]
[TimeControl "1500+5"]

1. e4 c5 2. Nf3 d6 3. d4 cxd4 4. Nxd4 Nf6 5. Nc3 a6 6. Be2 e5 7. Nf3 Be7 8.
Bg5 h6 9. Be3 Nc6 10. Qd2 Be6 11. O-O-O Qd7 12. Na4 Rb8 13. a3 Nxe4 14. Qd3
d5 15. Rhf1 b5 16. Qxe4 dxe4 17. Rxd7 Bxd7 18. Nxe5 Nxe5 19. Nc3 O-O 20.
Bf4 Bd6 21. Kb1 Bc7 22. Nd5 Bd6 23. Rd1 Rfd8 24. Nf6+ gxf6 25. Rxd6 Rbc8
26. Rxf6 Ng6 27. Bxh6 Rc6 28. Rxc6 Bxc6 29. b3 Kh7 30. Be3 f5 31. g3 Rb8
32. Kb2 f4 33. gxf4 Rf8 34. Kc3 Nxf4 35. Bf1 Nd5+ 36. Kd4 Nxe3 37. Kxe3
Rf3+ 38. Ke2 Kg6 39. Bg2 Rf6 40. Ke3 a5 41. Ke2 b4 42. a4 e3 43. Bxc6 Rxc6
44. fxe3 Rxc2+ 45. Kd3 Rxh2 46. Kd4 Rh5 47. e4 Kf6 48. Kc4 Ke5 49. Kb5
Kxe4+ 50. Kc4 Rh3 51. Kb5 Rxb3 52. Kxa5 Rb1 53. Kb6 b3 54. a5 b2 55. a6 Ra1
56. Kb5 b1=Q+ 57. Kc6 Rxa6+ 58. Kc5 Qb6+ 59. Kc4 Ra4+ 60. Kc3 Qb4+ 61. Kc2
Ra2+ 62. Kc1 Qb2+ 63. Kd1 Qd2# { White checkmated } 0-1

[Event "ICC tourney 2556 (25 5)"]
[Site "Internet Chess Club"]
[Date "2021.05.08"]
[Round "3"]
[White "SI YUAN SHEN, DANIEL:K05-30129382"]
[Black "CALLENS, JAEL:K05-17208461"]
[Result "0-1"]
[ICCResult "White resigns"]
[WhiteElo "791"]
[BlackElo "1207"]
[Opening "Sicilian: Pelikan (Lasker/Sveshnikov) variation"]
[ECO "B33"]
[NIC "SI.35"]
[Time "15:31:19"]
[PlyCount "128"]
[TimeControl "1500+5"]

1. e4 c5 2. Nf3 Nc6 3. d4 cxd4 4. Nxd4 Nf6 5. Nc3 e5 6. Nxc6 bxc6 7. Bc4
Bc5 8. Bg5 O-O 9. Qf3 Be7 10. Bxf6 Bxf6 11. O-O d6 12. Rad1 Bh4 13. Ne2 Qe7
14. Ng3 Qg5 15. Nf5 Bxf5 16. exf5 d5 17. Be2 Qe7 18. Qh3 g6 19. fxg6 fxg6
20. g3 Bg5 21. Bg4 Rf6 22. Rfe1 Raf8 23. Rf1 e4 24. Rde1 d4 25. Qg2 e3 26.
f4 Bh6 27. a3 g5 28. fxg5 Bxg5 29. b4 Qd6 30. Rxf6 Qxf6 31. Rf1 Qxf1+ 32.
Qxf1 Rxf1+ 33. Kxf1 Kf7 34. Bd7 Kf6 35. Bxc6 Ke5 36. Ke2 h5 37. a4 h4 38.
gxh4 Bxh4 39. b5 Kd6 40. Kd3 Bf6 41. a5 Kc7 42. h3 Bg7 43. h4 Bf6 44. h5
Bg7 45. h6 Bxh6 46. c3 Bg7 47. cxd4 Bxd4 48. Bf3 Bc5 49. Kc4 Kd6 50. a6 Bb6
51. Be2 Ke5 52. Kd3 Kf4 53. Kc4 Kg3 54. Kd5 Kf2 55. Bg4 e2 56. Bxe2 Kxe2
57. Kc6 Kd3 58. Kb7 Kc4 59. Kc6 Kb4 60. Kb7 Kxb5 61. Kb8 Kxa6 62. Ka8 Kb5
63. Kb7 a5 64. Kb8 a4 { White resigns } 0-1

[Event "ICC tourney 2556 (25 5)"]
[Site "Internet Chess Club"]
[Date "2021.05.08"]
[Round "3"]
[White "JAIN, DARSH:K05-30103038"]
[Black "JANI, SONAM:K05-16948743"]
[Result "1-0"]
[ICCResult "Black checkmated"]
[WhiteElo "836"]
[BlackElo "399"]
[Opening "two knights defense"]
[ECO "C58"]
[NIC "KP.01"]
[Time "15:31:06"]
[PlyCount "149"]
[TimeControl "1500+5"]

1. e4 e5 2. Nf3 Nc6 3. Bc4 Nf6 4. Ng5 d5 5. exd5 Na5 6. Bb3 b6 7. Nc3 Bc5
8. O-O O-O 9. d3 Qd7 10. Qe2 Qg4 11. Qxe5 Bd6 12. Qe2 Qxe2 13. Nxe2 Nxb3
14. axb3 Nxd5 15. c4 Nf6 16. Bf4 Bf5 17. Bxd6 cxd6 18. d4 h6 19. Nf3 a5 20.
Ra4 d5 21. Rfa1 dxc4 22. bxc4 Ne4 23. b4 Bd7 24. R4a3 Nd6 25. c5 bxc5 26.
dxc5 Nb7 27. Rc1 Rfc8 28. Ned4 Bg4 29. Ne5 Be6 30. Nec6 a4 31. Ne7+ Kf8 32.
Nxc8 Bxc8 33. c6 Nd6 34. b5 Ke8 35. Rb1 Nc4 36. Rc3 Nb6 37. Nf5 Bxf5 38.
Rd1 Bc8 39. Re3+ Be6 40. c7 g5 41. Rc1 h5 42. Rc6 Nc8 43. b6 Nxb6 44. Rxb6
Kd7 45. Rb8 Ra7 46. c8=Q+ Kd6 47. Rb6+ Ke7 48. Rb7+ Rxb7 49. Qxb7+ Kf6 50.
Rxe6+ fxe6 51. Qf3+ Kg6 52. Qd3+ Kf6 53. Qd4+ Kg6 54. Qxa4 Kf6 55. Qe8 e5
56. Qxh5 Kf5 57. Qf3+ Kg6 58. Qe4+ Kf6 59. Kf1 Ke6 60. Ke2 Kf6 61. Kf3 Ke6
62. Qg6+ Kd5 63. Qxg5 Kd6 64. Ke4 Ke6 65. Qxe5+ Kd7 66. Kd5 Kd8 67. Qb8+
Ke7 68. Qe5+ Kd7 69. Qf6 Kc7 70. Qe6 Kb7 71. Qd6 Kc8 72. Qe7 Kb8 73. Qd7
Ka8 74. Kc6 Kb8 75. Qb7# { Black checkmated } 1-0

[Event "ICC tourney 2556 (25 5)"]
[Site "Internet Chess Club"]
[Date "2021.05.08"]
[Round "3"]
[White "XIA, CHENXIANG:K05-16930170"]
[Black "AHAN, ADHRIT:K05-16292172"]
[Result "1-0"]
[ICCResult "Black checkmated"]
[WhiteElo "1084"]
[BlackElo "718"]
[Opening "QGD: 4.Bg5 Be7"]
[ECO "D53"]
[NIC "QO.13"]
[Time "15:32:35"]
[PlyCount "69"]
[TimeControl "1500+5"]

1. d4 e6 2. c4 Nf6 3. Bg5 Be7 4. Nc3 d5 5. cxd5 exd5 6. Nf3 Nc6 7. e3 O-O
8. Bd3 Bg4 9. h3 Be6 10. Ne5 Bd6 11. Nxc6 bxc6 12. Bxf6 Qxf6 13. Qh5 g6 14.
Qf3 Qg7 15. O-O-O Rae8 16. e4 Qxd4 17. exd5 cxd5 18. Bb5 Rc8 19. Rxd4 c6
20. Ba6 Rb8 21. g4 c5 22. Rd2 d4 23. Ne4 Be7 24. b3 Rb6 25. Bc4 a5 26. Rg1
h6 27. g5 Bf5 28. gxh6 Kh7 29. Ng5+ Bxg5 30. Rxg5 Bd7 31. Re2 a4 32. Re7
Bc6 33. Rxf7+ Rxf7 34. Qxf7+ Kxh6 35. Qxg6# { Black checkmated } 1-0

[Event "ICC tourney 2556 (25 5)"]
[Site "Internet Chess Club"]
[Date "2021.05.08"]
[Round "3"]
[White "MANIMARAN, SHIVANI:K05-16614018"]
[Black "MORITANI, SHO:K05-16760848"]
[Result "0-1"]
[ICCResult "White checkmated"]
[WhiteElo "866"]
[BlackElo "1456"]
[Opening "Sicilian defense"]
[ECO "B20"]
[NIC "SI.48"]
[Time "15:30:56"]
[PlyCount "76"]
[TimeControl "1500+5"]

1. e4 c5 2. Bc4 e6 3. Nf3 Nc6 4. Nc3 a6 5. d3 Qc7 6. O-O Nf6 7. Bg5 Be7 8.
Qd2 O-O 9. Rfe1 d6 10. Ne2 b5 11. Bb3 Na5 12. c4 bxc4 13. dxc4 Nxb3 14.
axb3 Nxe4 15. Qe3 Nxg5 16. Nxg5 h6 17. Nf3 Bb7 18. Ng3 Rfd8 19. Nh5 Bf8 20.
Rad1 Rab8 21. Qc3 e5 22. Nh4 Qe7 23. Nf3 g6 24. Ng3 Bg7 25. Qe3 f5 26. Ne2
e4 27. Nd2 Qf7 28. Kh1 Re8 29. Nf1 Rbd8 30. Rb1 Rf8 31. Nf4 g5 32. Nh3 f4
33. Qc1 Rde8 34. Nd2 e3 35. fxe3 fxe3 36. Nf1 g4 37. Ng1 Qf2 38. Re2 Bxg2#
{ White checkmated } 0-1

[Event "ICC tourney 2556 (25 5)"]
[Site "Internet Chess Club"]
[Date "2021.05.08"]
[Round "3"]
[White "BANG, ADITYA:K05-16841804"]
[Black "PALAVALASA, YATHIN:K05-16801353"]
[Result "1-0"]
[ICCResult "Black checkmated"]
[WhiteElo "1428"]
[BlackElo "825"]
[Opening "Scotch opening"]
[ECO "C44"]
[NIC "KP.10"]
[Time "15:32:44"]
[PlyCount "69"]
[TimeControl "1500+5"]

1. e4 e5 2. Nf3 Nc6 3. d4 Nf6 4. dxe5 Ng8 5. Bc4 d6 6. O-O Bd7 7. exd6 Bxd6
8. e5 Nxe5 9. Nxe5 Bxe5 10. Re1 Qf6 11. f4 O-O-O 12. fxe5 Qg6 13. Bd3 Qb6+
14. Kh1 Qc6 15. Qf3 Qe6 16. Nc3 Bc6 17. Qf2 f6 18. Bf5 Qxf5 19. Qxf5+ Kb8
20. e6 Ne7 21. Qf2 Rhf8 22. Bf4 g5 23. Bg3 f5 24. Be5 f4 25. Qc5 Ng6 26. e7
Nxe7 27. Qxe7 Rfe8 28. Bxc7+ Kc8 29. Bxd8 Rxd8 30. Rad1 Re8 31. Qxe8+ Bxe8
32. Rxe8+ Kc7 33. Red8 Kb6 34. R1d6+ Kc7 35. Nb5# { Black checkmated } 1-0

[Event "ICC tourney 2556 (25 5)"]
[Site "Internet Chess Club"]
[Date "2021.05.08"]
[Round "3"]
[White "PETUKHOV, ARTHUR:K05-16615802"]
[Black "ARUTLA, ADITYA:K05-16207801"]
[Result "0-1"]
[ICCResult "White checkmated"]
[WhiteElo "1287"]
[BlackElo "1676"]
[Opening "French: Winawer, advance, Bogolyubov variation"]
[ECO "C17"]
[NIC "FR.10"]
[Time "15:30:08"]
[PlyCount "82"]
[TimeControl "1500+5"]

1. e4 e6 2. d4 d5 3. Nc3 Bb4 4. e5 c5 5. Bd2 cxd4 6. Nb5 Be7 7. Nxd4 Nc6 8.
Ngf3 Qc7 9. Bf4 Nh6 10. c3 g5 11. Bg3 Nf5 12. Nxf5 exf5 13. h3 f4 14. Bh2
Nxe5 15. Qxd5 Nxf3+ 16. Qxf3 Be6 17. Rd1 O-O 18. a3 Rfe8 19. Be2 Bxa3 20.
bxa3 Bc4 21. Rd2 Qe5 22. g3 Qb5 23. gxf4 Qb1+ 24. Rd1 Bxe2 25. Qxe2 Rxe2+
26. Kxe2 Re8+ 27. Kf3 Qe4+ 28. Kg4 Qe6+ 29. Kxg5 Qxh3 30. f5 f6+ 31. Kf4
Qh4+ 32. Kf3 Qe4+ 33. Kg3 Kh8 34. f3 Qe3 35. Kg2 Rg8+ 36. Bg3 Qe2+ 37. Kh3
Qxf3 38. Rhg1 h5 39. Rd7 h4 40. Rd4 Rxg3+ 41. Kxh4 Rh3# { White checkmated
} 0-1

[Event "ICC tourney 2556 (25 5)"]
[Site "Internet Chess Club"]
[Date "2021.05.08"]
[Round "3"]
[White "VEMPARALA, NIKASH:K05-16438800"]
[Black "RAMAN, ARJUN:K05-16786670"]
[Result "1-0"]
[ICCResult "Black checkmated"]
[WhiteElo "1764"]
[BlackElo "1310"]
[Opening "Giuoco Piano"]
[ECO "C54"]
[NIC "IG.02"]
[Time "15:31:21"]
[PlyCount "95"]
[TimeControl "1500+5"]

1. e4 e5 2. Nf3 Nc6 3. Bc4 Bc5 4. c3 Nf6 5. d3 d6 6. a4 a6 7. Nbd2 O-O 8.
O-O Be6 9. b4 Bb6 10. h3 Qd7 11. Nh2 d5 12. exd5 Nxd5 13. Ne4 h6 14. Qb3 f5
15. Ng3 f4 16. Ne4 Rae8 17. Nf3 Nf6 18. Ba3 Kh8 19. Rfe1 Qxd3 20. Bxd3 Bxb3
21. b5 Ne7 22. Nxe5 Nxe4 23. Bxe4 Kg8 24. Bxe7 Rxe7 25. Ng6 Rfe8 26. Nxe7+
Rxe7 27. Bd5+ Kf8 28. Rxe7 Bxd5 29. Re5 Bf7 30. a5 Ba7 31. bxa6 bxa6 32.
Rb1 Bxf2+ 33. Kxf2 g5 34. Rf5 Kg7 35. Rxf7+ Kxf7 36. Rb7 Ke6 37. Rxc7 Kd5
38. Ra7 Kc4 39. Rxa6 Kxc3 40. Rxh6 Kb4 41. a6 Kb5 42. a7 Kb4 43. a8=Q f3
44. Rb6+ Kc3 45. Qc8+ Kd4 46. Rd6+ Ke5 47. Qe6+ Kf4 48. g3# { Black
checkmated } 1-0

[Event "ICC tourney 2556 (25 5)"]
[Site "Internet Chess Club"]
[Date "2021.05.08"]
[Round "3"]
[White "RAJASEKHARA, CHAMESH:K05-16661211"]
[Black "LIU, KAYLAH:K05-17154374"]
[Result "1-0"]
[ICCResult "Black checkmated"]
[WhiteElo "972"]
[BlackElo "431"]
[Opening "Giuoco Piano: LaBourdonnais variation"]
[ECO "C53"]
[NIC "IG.02"]
[Time "15:31:58"]
[PlyCount "93"]
[TimeControl "1500+5"]

1. e4 e5 2. Nf3 Nc6 3. Bc4 Bc5 4. c3 d6 5. d4 exd4 6. cxd4 Bb6 7. d5 Ba5+
8. Bd2 Bxd2+ 9. Nbxd2 a6 10. dxc6 bxc6 11. O-O d5 12. exd5 cxd5 13. Re1+
Ne7 14. Bd3 O-O 15. Qc2 Ng6 16. Rac1 Ra7 17. b3 Qd6 18. Qc5 Qd7 19. Qxa7
Qd6 20. Qxc7 Qf6 21. Qg3 Be6 22. Qg5 Qb2 23. Rc2 Qa3 24. Qe3 Qd6 25. Rec1
h6 26. Rc6 Qa3 27. Qc5 Qxa2 28. Rxa6 Qb2 29. Qc3 Qxc3 30. Rxc3 Nf4 31. g3
Nxd3 32. Rxd3 Bf5 33. Rxd5 Bc8 34. Raa5 Kh7 35. Ra8 Bb7 36. Rxf8 Bxd5 37.
b4 Kg6 38. b5 f6 39. b6 Kf5 40. Nd4+ Ke5 41. N4f3+ Kf5 42. Rf7 Ke6 43. b7
Kxf7 44. b8=Q Kg6 45. Qe8+ Kf5 46. Nh4+ Kg5 47. Qg6# { Black checkmated }
1-0

[Event "ICC tourney 2556 (25 5)"]
[Site "Internet Chess Club"]
[Date "2021.05.08"]
[Round "3"]
[White "BLACKWOOD, ZAHIR:K05-16439887"]
[Black "LINGISHETTY, ISHAAN:K05-16449486"]
[Result "0-1"]
[ICCResult "White checkmated"]
[WhiteElo "487"]
[BlackElo "1019"]
[Opening "Sicilian: Nimzovich-Rossolimo attack (without ...d6)"]
[ECO "B30"]
[NIC "SI.31"]
[Time "15:32:06"]
[PlyCount "84"]
[TimeControl "1500+5"]

1. e4 c5 2. Nf3 Nc6 3. Bb5 e6 4. O-O a6 5. Bxc6 dxc6 6. Ne5 Bd6 7. Nc4 Nf6
8. Nxd6+ Qxd6 9. Nc3 O-O 10. Re1 Qd8 11. e5 Nd5 12. Ne4 b6 13. Qf3 Qh4 14.
h3 Qh6 15. d3 Qg6 16. Ng5 h6 17. Ne4 f6 18. Nd6 fxe5 19. Qe2 Bd7 20. Qxe5
Rad8 21. Re4 Nf6 22. Re3 Nh5 23. Nb7 Rb8 24. Nd6 Rbd8 25. Bd2 Rf6 26. Ne4
Rff8 27. Qd6 Nf4 28. g3 Nxh3+ 29. Kg2 Nf4+ 30. Kf1 Nd5 31. Re2 Qf5 32. f4
e5 33. Rh2 Rf7 34. Rg2 Rff8 35. g4 Qf7 36. Ke2 exf4 37. Rh1 f3+ 38. Kf2
fxg2+ 39. Kxg2 Qf3+ 40. Kg1 Qxg4+ 41. Ng3 Qd1+ 42. Kh2 Rf2# { White
checkmated } 0-1

[Event "ICC tourney 2556 (25 5)"]
[Site "Internet Chess Club"]
[Date "2021.05.08"]
[Round "3"]
[White "WANG, ETHAN:K05-15914623"]
[Black "J WANG, ALEXANDER:K05-15983386"]
[Result "0-1"]
[ICCResult "White resigns"]
[WhiteElo "1409"]
[BlackElo "2124"]
[Opening "Sicilian: dragon, Yugoslav attack, Rauser variation"]
[ECO "B76"]
[NIC "SI.17"]
[Time "15:39:01"]
[PlyCount "46"]
[TimeControl "1500+5"]

1. e4 c5 2. Nf3 d6 3. d4 cxd4 4. Nxd4 Nf6 5. Nc3 g6 6. Be3 Bg7 7. f3 O-O 8.
Qd2 Nc6 9. O-O-O d5 10. exd5 Nxd5 11. Nxc6 bxc6 12. Nxd5 cxd5 13. h4 Rb8
14. c3 Be6 15. Kb1 Qa5 16. Bd4 Bxd4 17. Qxd4 Rfc8 18. Rc1 Qc5 19. Qd2 d4
20. cxd4 Qxc1+ 21. Qxc1 Bxa2+ 22. Kxa2 Rxc1 23. g4 Rc2 { White resigns }
0-1

[Event "ICC tourney 2556 (25 5)"]
[Site "Internet Chess Club"]
[Date "2021.05.08"]
[Round "3"]
[White "XAVIER KIM, EVEREST:K05-17350711"]
[Black "CHEN, YEWEI:K05-15857340"]
[Result "0-1"]
[ICCResult "White checkmated"]
[WhiteElo "643"]
[BlackElo "1051"]
[Opening "Sicilian"]
[ECO "B50"]
[NIC "SI.01"]
[Time "15:32:44"]
[PlyCount "152"]
[TimeControl "1500+5"]

1. e4 c5 2. Nf3 d6 3. Bc4 Nf6 4. d3 e6 5. Nc3 a6 6. Bg5 Be7 7. O-O b5 8.
Bb3 Bb7 9. e5 Bxf3 10. Qxf3 dxe5 11. Qxa8 O-O 12. Bxf6 Bxf6 13. Qf3 Nd7 14.
Ne4 Qc7 15. Nxf6+ Nxf6 16. c4 b4 17. a4 a5 18. Rfe1 Rd8 19. Qe2 Nd7 20. g3
h6 21. f4 exf4 22. Qf3 fxg3 23. hxg3 Ne5 24. Qe4 Nxd3 25. Re3 Rd4 26. Qa8+
Rd8 27. Qe4 Rd4 28. Qf3 Ne5 29. Qa8+ Rd8 30. Qe4 Ng6 31. Rd1 Rc8 32. Red3
Ne7 33. Bc2 Nf5 34. g4 Nd4 35. Rf3 Nxf3+ 36. Qxf3 Qe5 37. Qb7 Qg3+ 38. Qg2
Qe3+ 39. Qf2 Qg5 40. Qg3 Qf6 41. Qd3 g6 42. Rf1 Qxb2 43. Bb1 Qd4+ 44. Qxd4
cxd4 45. Rd1 Rxc4 46. Bd3 Rc7 47. Ba6 e5 48. Re1 f6 49. Rf1 Kg7 50. Rf2 b3
51. Rb2 Rc3 52. Be2 Rc2 53. Rb1 Rxe2 54. Rxb3 f5 55. Rb7+ Kf6 56. Rb6+ Kg5
57. gxf5 gxf5 58. Rb8 d3 59. Rg8+ Kf4 60. Rd8 d2 61. Kf1 Kf3 62. Rd3+ Re3
63. Rxd2 f4 64. Rf2+ Ke4 65. Rc2 f3 66. Rc4+ Kf5 67. Kf2 Ra3 68. Rh4 Kg5
69. Re4 Kf5 70. Rc4 e4 71. Rc5+ Kf4 72. Rxa5 e3+ 73. Ke1 f2+ 74. Kf1 Ra1+
75. Kg2 f1=Q+ 76. Kh2 Ra2# { White checkmated } 0-1

[Event "ICC tourney 2556 (25 5)"]
[Site "Internet Chess Club"]
[Date "2021.05.08"]
[Round "3"]
[White "SCOLLON, OWEN:K05-17108421"]
[Black "JAICHAND, RISHAB:K05-16786245"]
[Result "1/2-1/2"]
[ICCResult "Game drawn by mutual agreement"]
[WhiteElo "1513"]
[BlackElo "1188"]
[Opening "Giuoco Piano"]
[ECO "C50"]
[NIC "IG.02"]
[Time "15:30:50"]
[PlyCount "120"]
[TimeControl "1500+5"]

1. e4 e5 2. Nf3 Nc6 3. Bc4 Bc5 4. Nc3 d6 5. h3 Nf6 6. d3 Be6 7. Bb3 Qd7 8.
Be3 Bb6 9. Qd2 Bxe3 10. Qxe3 a6 11. Nd5 Bxd5 12. exd5 Na5 13. d4 Nxb3 14.
Qxb3 exd4 15. Qxb7 O-O 16. O-O Ne4 17. Rfe1 Nc5 18. Qb4 d3 19. Qd2 dxc2 20.
Qxc2 Rfe8 21. Ng5 f5 22. g4 h6 23. Ne6 fxg4 24. hxg4 Nxe6 25. dxe6 Rxe6 26.
Qc4 d5 27. Qf4 Rf8 28. Qg3 Rg6 29. f3 h5 30. g5 Rf5 31. f4 Qd6 32. Re8+ Kh7
33. Rf1 Rfxg5 34. Qxg5 Rxg5+ 35. fxg5 Qg3+ 36. Kh1 Qh4+ 37. Kg2 Qxg5+ 38.
Kh1 Qh4+ 39. Kg2 Qg4+ 40. Kh1 h4 41. Re3 h3 42. Rf2 Kg8 43. Re8+ Kh7 44.
Re3 Kg8 45. Kh2 Qd4 46. Ref3 Qe5+ 47. Kxh3 Qh5+ 48. Kg2 Qg4+ 49. Kf1 Qc4+
50. Kg1 Qg4+ 51. Kh2 Qh4+ 52. Kg2 Qg4+ 53. Rg3 Qe4+ 54. Rgf3 Qg4+ 55. Rg3
Qe4+ 56. Kh3 Qh1+ 57. Kg4 Qe4+ 58. Kg5 Qe5+ 59. Kh4 Qe4+ 60. Kh3 Qh1+ {
Game drawn by mutual agreement } 1/2-1/2

[Event "ICC tourney 2556 (25 5)"]
[Site "Internet Chess Club"]
[Date "2021.05.08"]
[Round "3"]
[White "SINHA, RITIKA:K05-30103427"]
[Black "COE, CAMERON:K05-16062903"]
[Result "0-1"]
[ICCResult "White resigns"]
[WhiteElo "100"]
[BlackElo "915"]
[Opening "Réti opening"]
[ECO "A06"]
[NIC "QP.09"]
[Time "15:32:44"]
[PlyCount "70"]
[TimeControl "1500+5"]

1. Nf3 d5 2. Nc3 c5 3. Nxd5 Qxd5 4. c4 Qd8 5. d4 e6 6. e4 Nc6 7. dxc5 Qxd1+
8. Kxd1 Bxc5 9. Bg5 h6 10. Bc1 Nf6 11. Bg5 hxg5 12. Nxg5 O-O 13. Nh7 Nxh7
14. Be2 Rd8+ 15. Kc1 Bxf2 16. Rf1 Be3+ 17. Kc2 Rd2+ 18. Kb3 Rxe2 19. Rae1
Rxe1 20. Rxe1 Bc5 21. Rd1 b6 22. Rd8+ Nxd8 23. Ka4 Bd7+ 24. Kb3 Nc6 25. a4
Na5+ 26. Kc3 Nc6 27. b4 Bxb4+ 28. Kb2 Rd8 29. a5 bxa5 30. c5 Bxc5 31. Kc3
Bb4+ 32. Kd3 Bc8+ 33. Ke3 Bc5+ 34. Kf4 e5+ 35. Kf3 Rd3+ { White resigns }
0-1

[Event "ICC tourney 2556 (25 5)"]
[Site "Internet Chess Club"]
[Date "2021.05.08"]
[Round "3"]
[White "CHIU DOAN, EMILYN:K05-15928816"]
[Black "OWUSU BOAKYE, KWAME:K05-30105948"]
[Result "0-1"]
[ICCResult "White checkmated"]
[WhiteElo "1078"]
[BlackElo "713"]
[Opening "Sicilian: Alapin's variation (2.c3)"]
[ECO "B22"]
[NIC "SI.46"]
[Time "15:31:01"]
[PlyCount "118"]
[TimeControl "1500+5"]

1. e4 c5 2. c3 d5 3. exd5 Qxd5 4. d4 Nf6 5. Nf3 Bg4 6. Be2 e6 7. O-O Be7 8.
dxc5 Qxc5 9. Qd4 Qxd4 10. cxd4 O-O 11. h3 Bf5 12. Nc3 Nc6 13. Be3 Rfd8 14.
Rad1 Rd7 15. Ne5 Nxe5 16. dxe5 Rxd1 17. Rxd1 Ne4 18. Nxe4 Bxe4 19. f3 Bg6
20. Rd7 Bh4 21. Rxb7 a5 22. Ba7 Bg3 23. Rb8+ Rxb8 24. Bxb8 f6 25. Bc7 Bxe5
26. Bxe5 fxe5 27. Kf2 Kf7 28. a3 Bc2 29. b4 a4 30. b5 Ke7 31. Ke3 Kd6 32.
Kd2 Bb3 33. Kc3 Kc5 34. Bd3 g6 35. g3 Bd5 36. Be2 g5 37. g4 h6 38. Kc2 Bb7
39. Kd2 Kd4 40. Kc2 Ke3 41. Bc4 Kxf3 42. Kc3 Kg3 43. Kb4 Kxh3 44. Bxe6 e4
45. Kxa4 e3 46. Bc4 Kxg4 47. Kb4 h5 48. a4 h4 49. a5 h3 50. a6 Be4 51. b6
h2 52. b7 h1=Q 53. Ba2 Bxb7 54. axb7 Qxb7+ 55. Ka3 e2 56. Bb1 Qxb1 57. Ka4
e1=Q 58. Ka3 Qc3+ 59. Ka4 Qbb3# { White checkmated } 0-1

[Event "ICC tourney 2556 (25 5)"]
[Site "Internet Chess Club"]
[Date "2021.05.08"]
[Round "3"]
[White "ZIEGLER, NATE:K05-15967852"]
[Black "MOORHOUSE, WILL:K05-30059498"]
[Result "1-0"]
[ICCResult "Black resigns"]
[WhiteElo "1866"]
[BlackElo "1352"]
[Opening "King's Indian, 3.Nf3"]
[ECO "E60"]
[NIC "QP.06"]
[Time "15:31:52"]
[PlyCount "63"]
[TimeControl "1500+5"]

1. d4 Nf6 2. Nf3 g6 3. c4 d6 4. Nbd2 Bg7 5. b3 c5 6. e3 O-O 7. Bb2 Bg4 8.
d5 Nbd7 9. h3 Bxf3 10. Qxf3 a6 11. Bd3 Ne8 12. Bxg7 Kxg7 13. O-O Ne5 14.
Qe2 Nxd3 15. Qxd3 Nc7 16. f4 b5 17. e4 b4 18. e5 Qd7 19. Ne4 Ne8 20. Rae1
Qc7 21. Ng5 h6 22. Nf3 a5 23. f5 g5 24. h4 dxe5 25. hxg5 hxg5 26. Nxg5 Rh8
27. Qg3 Kf8 28. Ne6+ fxe6 29. fxe6+ Nf6 30. Qg6 Rh7 31. Qxh7 Ke8 32. Qh8+ {
Black resigns } 1-0

[Event "ICC tourney 2556 (25 5)"]
[Site "Internet Chess Club"]
[Date "2021.05.08"]
[Round "3"]
[White "JAVERI, RIAAN:K05-16378238"]
[Black "SAI TUBATI, TARUN:K05-16761313"]
[Result "1-0"]
[ICCResult "Black checkmated"]
[WhiteElo "1417"]
[BlackElo "851"]
[Opening "Caro-Kann: advance variation"]
[ECO "B12"]
[NIC "CK.04"]
[Time "15:31:06"]
[PlyCount "55"]
[TimeControl "1500+5"]

1. e4 c6 2. d4 d5 3. e5 Bf5 4. Nf3 f6 5. Nc3 Nd7 6. Bf4 c5 7. Nxd5 cxd4 8.
e6 Bxe6 9. Nc7+ Kf7 10. Nxa8 Qxa8 11. Nxd4 Nc5 12. Nxe6 Nxe6 13. Bc4 Qc8
14. Qd5 g5 15. Bg3 Bg7 16. O-O-O Bh6 17. Rhe1 g4+ 18. Kb1 Bg5 19. Rxe6 Kg7
20. Re2 Nh6 21. Rxe7+ Kg6 22. Bd3+ f5 23. Re6+ Kh5 24. h4 Bxh4 25. Bxh4
Kxh4 26. g3+ Kh5 27. Qh1+ Kg5 28. Qh4# { Black checkmated } 1-0